 Dungeon Crawl Stone Soup version 0.29-a0-577-gafbf2c5d25 (webtiles) character file.

Game seed: 11327997044517105648

373 beeps the Twirler (level 7, 0/47 (55) HPs)
             Began as a Meteoran Wanderer on June 13, 2022.
             Was an Initiate of Ashenzari.
             Slain by a wight
             ... wielding a +0 great sword
              (5 damage)
             ... on level 6 of the Dungeon.
             The game lasted 00:31:36 (2559 turns).

beeps the Twirler (Meteoran Wanderer)               Turns: 2559, Time: 00:31:36

HP:   0/47 (55)     AC:  6    Str: 13    XL:     7   Next: 23%
MP:   13/14         EV: 13    Int: 15    God:    Ashenzari [......]
Gold: 79            SH:  0    Dex: 15    Spells: 12/14 levels left

rFire   . . .      SeeInvis +   G - +6 club
rCold   . . .      Faith    .   (no shield)
rNeg    . . .      Spirit   .   H - +2 robe
rPois   .          Reflect  .   x - +0 helmet
rElec   .          Harm     .   n - scarf of Supernal Gnosis {shadows, Comp, Alch} (curse)
rCorr   .          Rampage  .   b - +0 pair of gloves
Will    .....                   (no boots)
Stlth   +.........              (no amulet)
HPRegen 0.15/turn               D - ring of see invisible
MPRegen 0.14/turn               (no ring)

@: glowing, heavily drained
A: sense surroundings 1, otherworldly, glowing, explore regen
a: Renounce Religion, Shatter the Chains


You were on level 6 of the Dungeon.
You worshipped Ashenzari.
Ashenzari was noncommittal.
You visited 2 branches of the dungeon, and saw 8 of its levels.

You collected 234 gold pieces.
You spent 155 gold pieces at shops.

Inventory:

Hand Weapons
 a - a +0 quarterstaff
 z - a +0 rapier
 E - a +0 trident
 G - a +6 club (weapon)
Missiles
 e - 4 poisoned darts
 h - 5 atropa-tipped darts
 q - 65 stones
 C - a boomerang
 F - a throwing net
Armour
 b - a +0 pair of gloves (worn)
 c - a +0 robe
 d - a +0 buckler
 n - the cursed scarf of Supernal Gnosis (worn) {shadows, Comp, Alch}
   (You found it on level 2 of the Dungeon)

   It has a curse which improves the following skills: Companions: Summonings
   and Necromancy.
   Alchemy:   Poison Magic and Transmutations.
 v - a +0 cloak
 x - a +0 helmet (worn)
 H - a +2 robe (worn)
Jewellery
 D - a ring of see invisible (left hand)
Wands
 w - a wand of polymorph (3)
Scrolls
 f - a scroll of enchant weapon {unknown}
 g - a scroll of fog {unknown}
 i - a scroll of amnesia {unknown}
 j - a scroll of teleportation
 k - a scroll of silence
 l - a scroll of immolation {unknown}
 o - a scroll of noise {unknown}
 y - 2 scrolls of identify {unknown}
 A - a scroll of brand weapon {unknown}
 I - a scroll of fear {unknown}
Potions
 m - 3 potions of curing
 p - 4 potions of mutation {unknown}
 r - a potion of lignification {unknown}
 s - 2 potions of brilliance {unknown}
 t - a potion of attraction
 u - a potion of heal wounds {unknown}
 B - 2 potions of degeneration {unknown}
 J - a potion of cancellation {unknown}


   Skills:
 - Level 2.0 Fighting
 - Level 4.3 Staves
 - Level 1.2 Throwing
 + Level 3.9 Dodging
 - Level 1.0 Stealth
 + Level 4.1 Spellcasting
 + Level 3.0 Conjurations
 + Level 4.3(4.7) Poison Magic


You had 12 spell levels left.
You knew the following spells:

 Your Spells              Type           Power      Damage    Failure   Level
a - Sting                 Tmut/Pois      40%        1d5       7%          1
b - Magic Dart            Conj           48%        1d5       4%          1

Your spell library contained the following spells:

 Spells                   Type           Power      Damage    Failure   Level
 Mephitic Cloud           Conj/Pois/Air  10%        N/A       19%         3
 Olgreb's Toxic Radiance  Pois           17%        N/A       24%         4
 Call Imp                 Summ           3%         N/A       26%         2
 Gell's Gravitas          Tloc           3%         N/A       47%         3
 Lesser Beckoning         Tloc           3%         N/A       47%         3
 Teleport Other           Tloc           3%         N/A       47%         3


Dungeon Overview and Level Annotations

Branches:
Dungeon (7/15)             Temple (1/1) D:4

Altars:
Ashenzari
Elyvilon
Hepliaklqana
Kikubaaqudgha
Makhleb
Nemelex Xobeh
Okawaru
Ru
Trog
Vehumet
Wu Jian
Xom
Yredelemnul
The Shining One

Shops:
D:3 [


Innate Abilities, Weirdness & Mutations

You passively map a small area around you.
You are easily found by Zot.
You glow in the dark.
You regain HP and MP as you explore.


Message History

Casting: Magic Dart (safe; 4% risk of failure)
Confirm with . or Enter, or press ? or * to list all spells.
Aiming: Magic Dart (safe; 4% risk of failure)
Press: ? - help, Shift-Dir - straight line, f - wight
Aim: a wight, wielding a +0 great sword and wearing a +0 robe (100% to hit)
The magic dart hits the wight but does no damage.
Casting: Magic Dart (safe; 4% risk of failure)
Confirm with . or Enter, or press ? or * to list all spells.
Aiming: Magic Dart (safe; 4% risk of failure)
Press: ? - help, Shift-Dir - straight line, f/p - wight
Aim: a wight, wielding a +0 great sword and wearing a +0 robe (100% to hit)
The magic dart hits the wight.
The wight is lightly damaged.
You hit the wight.
The wight is lightly damaged.
The wight closely misses you.
You hit the wight.
The wight is heavily damaged.
The wight hits you but does no damage.
You barely miss the wight.
The wight is heavily damaged.
The wight hits you with a +0 great sword.
You feel drained.
You barely miss the wight.
The wight is heavily damaged.
The wight hits you with a +0 great sword!
You feel drained.
You hit the wight but do no damage.
The wight is heavily damaged.
The wight barely misses you.
You hit the wight.
The wight is severely damaged.
The wight hits you with a +0 great sword!
* * * LOW HITPOINT WARNING * * *
The wight closely misses you.
It was a potion of curing.
You feel better.
The wight hits you with a +0 great sword!
* * * LOW HITPOINT WARNING * * *
You feel drained.
You die...

###..........#
#......#.....#
#......#.....#
#......#.....# * ,
#......#.....# ,
#......#.)...#
#####......#.....#####
.....................#
.......###.....z@....#
* .......#
#...........# .......#
#...........# .......#
############# .....z.#
.......# .......#
.......# , .......#


You could see a wight.

Vanquished Creatures
  A hound (D:6)
  A jelly (D:4)
  An orc priest (D:4)
  Jessica (D:3)
  Ijyb (D:3)
  2 iguanas
  An orc wizard (D:6)
  7 adders
  3 dart slugs
  10 orcs
  5 ball pythons
  3 endoplasms (D:3)
  4 giant cockroaches
  7 goblins
  4 hobgoblins
  2 jackals (D:1)
  4 quokkas
  6 bats
  16 frilled lizards
  3 kobolds
  5 rats
87 creatures vanquished.

Vanquished Creatures (others)
  6 plants (D:1)
6 creatures vanquished.

Grand Total: 93 creatures vanquished

Notes
Turn   | Place    | Note
-------+----------+-------------------------------------------
     0 | D:1      | beeps the Meteoran Wanderer began the quest for the Orb.
     0 | D:1      | beeps set off with the following items: a +0 quarterstaff,
                  | a +0 pair of gloves, a +0 robe; and the following spell
                  | memorised: Sting; and the following spells available to
                  | memorise: Mephitic Cloud, Olgreb's Toxic Radiance
     0 | D:1      | Reached XP level 1. HP: 14/14 MP: 5/5
   118 | D:1      | Reached XP level 2. HP: 22/22 MP: 3/6
   215 | D:1      | Reached skill level 1 in Fighting
   404 | D:1      | Reached XP level 3. HP: 27/28 MP: 4/8
   524 | D:2      | Reached XP level 4. HP: 26/35 MP: 0/9
   823 | D:2      | Found a faded altar of an unknown god.
   886 | D:3      | Learned a level 1 spell: Magic Dart
   894 | D:3      | Noticed Ijyb
  1034 | D:3      | Noticed Jessica
  1199 | D:3      | Killed Ijyb
  1200 | D:3      | Reached XP level 5. HP: 37/41 MP: 3/10
  1232 | D:3      | Found Vengawew's Antique Armour Shoppe.
  1240 | D:3      | Reached skill level 1 in Conjurations
  1243 | D:3      | Bought a helmet for 85 gold pieces
  1626 | D:4      | Found a staircase to the Ecumenical Temple.
  1643 | Temple   | Entered the Ecumenical Temple
  1650 | Temple   | Reached XP level 6. HP: 32/48 MP: 5/12
  1704 | Temple   | Became a worshipper of Ashenzari the Shackled
  1959 | D:3      | Killed Jessica
  1994 | D:3      | Bought an embroidered robe for 70 gold pieces
  2271 | D:5      | Entered Level 5 of the Dungeon
  2403 | D:6      | Reached XP level 7. HP: 48/55 MP: 7/14
  2559 | D:6      | Slain by a wight

Illustrated notes

Levels and vault maps discovered:
D:1:      mainiacjoe_arrival_reflecting_pool, layout_loops_ring, serial_forest,
          infiniplex_forest_clump_medium, infiniplex_forest_lined_room_3,
          infiniplex_forest_fountain, infiniplex_forest_lined_room_2,
          infiniplex_forest_lined_2, minmay_pentomino_x2
D:2:      cheibrodos_helix_gallery, layout_basic, nicolae_ecumenical_oubliette,
          minmay_lizard_pond
D:3:      layout_loops_cross, serial_shops, shop_statue, bh_walls_and_bars,
          uniq_ijyb, uniq_grinder, uniq_jessica
D:4:      layout_cave_pools, temple_fountains
D:5:      layout_rooms, serial_shops, shop, minmay_fractal_squares_gapless_5
D:6:      layout_basic, cheibrodos_sewer_entry_sluice, kennysheep_windowed_goal
D:7:      layout_rooms, zin_statuary
Temple:   jpeg_temple_clearing

Skill      XL: |  1  2  3  4  5  6  7 |
---------------+----------------------+-----
Fighting       | 1 2 |  2.0
Staves         | 4 |  4.3
Dodging        | 2 3 |  3.9
Poison Magic   | 3 4 |  4.3
Spellcasting   | 3 4 |  4.1
Conjurations   | 1 2 3 |  3.0
Throwing       | |  1.2
Stealth        | |  1.0

Action                   |  1- 3 |  4- 6 |  7- 9 || total
-------------------------+-------+-------+-------++-------
Melee: Quarterstaff      |    17 |    38 |     4 ||    59
       Club              |       |       |     6 ||     6
Throw: Dart              |       |     3 |       ||     3
 Cast: Sting             |    48 |    96 |    12 ||   156
       Magic Dart        |       |    51 |     7 ||    58
Invok: Curse Item        |       |       |     1 ||     1
  Use: Potion            |     1 |       |     1 ||     2
       Scroll            |       |     2 |     1 ||     3
Armor: Robe              |    17 |    26 |    13 ||    56
       Skin              |       |    10 |       ||    10
Dodge: Dodged            |    23 |    39 |    12 ||    74

Table legend: (Time is in decaauts)
 A = Elapsed time spent in this place.
 B = Non-inter-level travel time spent in this place.
 C = Inter-level travel time spent in this place.
 D = Time resting spent in this place.
 E = Time spent auto-exploring this place.
 F = Levels seen in this place.
 G = Mean time per level.
                   A        B        C        D        E       F      G
               +--------+--------+--------+--------+--------+-----+--------+
         Total |   2575 |   2282 |    293 |    222 |    756 |   8 |  321.9 |
       Dungeon |   2425 |   2132 |    293 |    156 |    756 |   7 |  346.4 |
        Temple |    149 |    149 |      0 |     66 |      0 |   1 |  149.0 |
               +--------+--------+--------+--------+--------+-----+--------+

Top non-repeatable levels by time:
     D:2: 648 daAuts
     D:3: 527 daAuts
     D:4: 499 daAuts
     D:1: 456 daAuts
  Temple: 149 daAuts
     D:6: 146 daAuts
     D:5: 125 daAuts
     D:7: 21 daAuts
